 Dungeon Crawl Stone Soup version 0.30.1-11-g7821555f0a (webtiles) character file.

Game seed: 12836694605194282740

1654660 jfcaron the Cutthroat (level 27, 221/221 HPs)
             Began as a Gnoll Brigand on Nov 4, 2023.
             Was the Champion of Wu Jian.
             Escaped with the Orb
             ... and 3 runes on Nov 6, 2023!
             The game lasted 04:33:45 (69893 turns).

jfcaron the Cutthroat (Gnoll Brigand)              Turns: 69893, Time: 04:33:46

Health: 221/221    AC: 38    Str: 28    XL:     27
Magic:  45/45      EV: 30    Int: 18    God:    Wu Jian [******]
Gold:   50         SH: 26    Dex: 19    Spells: 8/63 levels left

rFire   . . .        a - +7 demon trident of Kismet {freeze, Will+ Str+3}
rCold   + . .        k - +3 tower shield {AC+3}
rNeg    . . .        E - +9 chain mail of Resourcefulness {rPois Will+ Int+3 Stlth+}
rPois   +            w - +2 hood of the Assassin {Detect Stab+ Stlth++}
rElec   +            c - +2 cloak {rCorr}
rCorr   +            F - +0 pair of fencer's gloves {Riposte Dex+3}
SInv    +            H - +2 pair of boots
Will    ++++.        A - amulet "Pughagu" {Regen+ Int+4 SInv}
Stlth   +++          W - ring of Linearity {Fly rElec rC+ Str+3}
HPRegen 1.36/turn    R - ring of the Hare {EV+10}
MPRegen 0.29/turn

%: no passive effects
@: flying, studying 5 skills
A: fangs 1, strong nose, distributed training
0: Orb of Zot
}: 3/15 runes: decaying, serpentine, silver
a: Renounce Religion, Wall Jump, Serpent's Lash, Heavenly Storm


You escaped.
You worshipped Wu Jian.
Wu Jian was exalted by your worship.
You visited 10 branches of the dungeon, and saw 50 of its levels.
You visited 1 bazaar.
You also visited: Bailey, Ice Cave and Wizlab.

You collected 9427 gold pieces.
You spent 9377 gold pieces at shops.

Inventory:

Hand Weapons
 a - the +7 demon trident of Kismet (weapon) {freeze, Will+ Str+3}
   (You found it on level 1 of the Depths)

   Str:       It affects your strength (+3).
   Will:      It increases your willpower.
 b - a +9 heavy demon trident
   (You took it off Donald on level 2 of the Snake Pit)
Missiles
 e - 10 javelins
 h - 3 silver javelins {!f}
 r - 5 curare-tipped darts {!f}
 S - 11 atropa-tipped darts {!f}
 V - 7 throwing nets {!f}
 Z - 3 datura-tipped darts {!f}
Armour
 c - a +2 cloak of preservation (worn)
   (You bought it in a shop on level 1 of the Elven Halls)
 k - a +3 tower shield of protection (worn)
   (You took it off a naga warrior on level 1 of the Snake Pit)
 w - the +2 hood of the Assassin (worn) {Detect Stab+ Stlth++}
   (You found it on level 5 of the Vaults)

   Detect:    It allows the wearer to sense nearby creatures.
   Stab+:     It allows the wearer to make particularly effective stabbing
   attacks against helpless or unaware enemies with any weapon.
   Stlth:     It makes you much more stealthy.
 E - the +9 chain mail of Resourcefulness (worn) {rPois Will+ Int+3 Stlth+}
   (You found it on level 6 of the Dungeon)

   Int:       It affects your intelligence (+3).
   rPois:     It protects you from poison.
   Will:      It increases your willpower.
   Stlth:     It makes you more stealthy.
 F - the +0 pair of fencer's gloves (worn) {Riposte Dex+3}
   (You bought it in a shop on level 2 of the Orcish Mines)

   Riposte:   It allows the wearer to riposte with melee weapons, swiftly
   retaliating against missed or blocked melee attacks.
   Dex:       It affects your dexterity (+3).
 H - a +2 pair of boots (worn)
Jewellery
 o - the ring of Omiukida {rF+ Dex+3 SInv}
   (You bought it in a shop on level 4 of the Vaults)

   [ring of protection from fire]

   Dex:       It affects your dexterity (+3).
   rF:        It protects you from fire.
   SInv:      It lets you see invisible.
 A - the amulet "Pughagu" (around neck) {Regen+ Int+4 SInv}
   (You acquired it on level 11 of the Dungeon)

   [amulet of regeneration]

   Int:       It affects your intelligence (+4).
   SInv:      It lets you see invisible.
   Regen:     It increases your rate of health regeneration.
 R - the ring of the Hare (right hand) {EV+10}
   (You found it on level 2 of the Lair of Beasts)

   [ring of evasion]

   EV:        It affects your evasion (+10).
 W - the ring of Linearity (left hand) {Fly rElec rC+ Str+3}
   (You bought it in a shop on level 4 of the Vaults)

   [ring of protection from cold]

   Str:       It affects your strength (+3).
   rC:        It protects you from cold.
   rElec:     It insulates you from electricity.
   Fly:       It grants you flight.
Wands
 m - a wand of digging (14)
   (You took it off Sigmund on level 3 of the Dungeon)
 p - a wand of iceblast (108)
   (You found it on level 4 of the Dungeon)
 G - a wand of paralysis (73)
   (You found it on level 10 of the Dungeon)
 O - a wand of quicksilver (15)
   (You found it on level 4 of the Swamp)
 T - a wand of mindburst (44)
   (You found it on level 2 of the Lair of Beasts)
Scrolls
 f - 21 scrolls of teleportation
 j - 8 scrolls of vulnerability
 v - a scroll of butterflies
 y - 6 scrolls of blinking
 D - 10 scrolls of poison
 K - 5 scrolls of magic mapping
 L - 3 scrolls of silence
 P - 7 scrolls of immolation
 U - 12 scrolls of fear
 X - 5 scrolls of fog
Potions
 g - 3 potions of invisibility
 i - 6 potions of might
 l - 7 potions of brilliance
 n - 2 potions of ambrosia
 q - 3 potions of resistance
 s - 9 potions of attraction
 t - 7 potions of cancellation
 u - 4 potions of lignification
 z - 32 potions of curing
 B - 16 potions of heal wounds
 C - 14 potions of flight
 N - 8 potions of magic
 Y - a potion of mutation
Miscellaneous
 d - a lightning rod (4/4)
   (You found it on level 4 of the Snake Pit)
 x - a phantom mirror
   (You found it on level 13 of the Dungeon)
 I - a box of beasts
   (You found it on level 9 of the Dungeon)
 M - a phial of floods
   (You found it on level 5 of the Lair of Beasts)
 Q - a condenser vane (inert)
   (You found it on level 2 of the Lair of Beasts)


   Skills:
 + Level 19.1 Fighting
 + Level 23.9 Short Blades
 + Level 18.6 Long Blades
 + Level 18.6 Axes
 + Level 18.6 Maces & Flails
 + Level 18.6 Polearms
 + Level 18.6 Staves
 + Level 18.6 Ranged Weapons
 + Level 19.2 Throwing
 + Level 18.6 Armour
 + Level 18.8 Dodging
 + Level 20.0 Stealth
 + Level 21.6 Shields
 + Level 18.6 Unarmed Combat
 + Level 18.6 Spellcasting
 + Level 15.8 Conjurations
 + Level 15.8 Hexes
 + Level 15.8 Summonings
 + Level 15.8 Necromancy
 + Level 15.8 Translocations
 + Level 15.8 Transmutations
 + Level 15.8 Fire Magic
 + Level 18.3 Ice Magic
 + Level 15.8 Air Magic
 + Level 15.8 Earth Magic
 + Level 15.8 Poison Magic
 + Level 20.1 Invocations
 + Level 18.6 Evocations


You had 8 spell levels left.
You knew the following spells:

 Your Spells              Type           Power      Damage    Failure   Level
a - Apportation           Tloc           100%       N/A       1%          1
b - Wereblood             Tmut           65%        N/A       1%          2
c - Frozen Ramparts       Ice            100%       1d16      1%          3
d - Summon Lightning Spi  Summ/Air       65%        N/A       1%          4
e - Tukima's Dance        Hex            65%        N/A       1%          3
f - Freezing Cloud        Conj/Ice/Air   33%        6-21      1%          5
g - Irradiate             Conj/Tmut      32%        3d22      1%          5
h - Yara's Violent Unrav  Hex/Tmut       32%        3d13      1%          5
i - Silence               Hex/Air        32%        N/A       1%          5
j - Iron Shot             Conj/Erth      32%        9d7       2%          6
k - Orb of Destruction    Conj           32%        9d10      16%         7
l - Spellforged Servitor  Conj/Summ      32%        N/A       16%         7
A - Blink                 Tloc           100%       N/A       1%          2

Your spell library contained the following spells:

 Spells                   Type           Power      Damage    Failure   Level
 Ensorcelled Hibernation  Hex/Ice        100%       N/A       0%          2
 Beastly Appendage        Tmut           100%       N/A       1%          1
 Foxfire                  Conj/Fire      100%       2x1d9     1%          1
 Magic Dart               Conj           100%       1d8       1%          1
 Necrotise                Necr           100%       1d9       1%          1
 Sting                    Tmut/Pois      100%       1d8       1%          1
 Summon Small Mammal      Summ           100%       N/A       1%          1
 Call Imp                 Summ           100%       N/A       1%          2
 Cigotuvi's Dreadful Rot  Necr/Pois/Air  100%       N/A       1%          2
 Lesser Beckoning         Tloc           100%       N/A       1%          2
 Momentum Strike          Conj/Tloc      100%       3d10      1%          2
 Passwall                 Tmut/Erth      54%        N/A       1%          2
 Poisonous Vapours        Pois/Air       100%       N/A       1%          2
 Scorch                   Fire           100%       2d9       1%          2
 Searing Ray              Conj           100%       2d8       1%          2
 Static Discharge         Conj/Air       100%       2-7/arc   1%          2
 Sublimation of Blood     Necr           65%        N/A       1%          2
 Dazzling Flash           Conj/Hex       100%       N/A       1%          3
 Gell's Gravitas          Tloc           65%        N/A       1%          3
 Ignite Poison            Fire/Tmut/Pois 65%        N/A       1%          3
 Inner Flame              Hex/Fire       65%        N/A       1%          3
 Mephitic Cloud           Conj/Pois/Air  65%        N/A       1%          3
 Portal Projectile        Hex/Tloc       100%       N/A       1%          3
 Spider Form              Tmut/Pois      65%        N/A       1%          3
 Stone Arrow              Conj/Erth      100%       3d13      1%          3
 Swiftness                Air            65%        N/A       1%          3
 Teleport Other           Tloc           65%        N/A       1%          3
 Volatile Blastmotes      Fire/Tloc      100%       2d18      1%          3
 Airstrike                Air            32%        2d(5-21)  1%          4
 Animate Armour           Summ/Erth      100%       N/A       1%          4
 Flame Wave               Conj/Fire      65%        2d15      1%          4
 Ice Form                 Ice/Tmut       68%        N/A       1%          4
 Iskenderun's Mystic Bla  Conj/Tloc      65%        2d13      1%          4
 Leda's Liquefaction      Hex/Erth       32%        N/A       1%          4
 Manifold Assault         Tloc           65%        N/A       1%          4
 Olgreb's Toxic Radiance  Pois           65%        N/A       1%          4
 Passage of Golubria      Tloc           65%        N/A       1%          4
 Petrify                  Tmut/Erth      65%        N/A       1%          4
 Sticky Flame             Conj/Fire      65%        2d8       1%          4
 Summon Ice Beast         Ice/Summ       68%        N/A       1%          4
 Agony                    Necr           65%        N/A       1%          5
 Alistair's Intoxication  Tmut/Pois      43%        N/A       1%          5
 Blade Hands              Tmut           32%        N/A       1%          5
 Fireball                 Conj/Fire      32%        3d14      1%          5
 Iskenderun's Battlesphe  Conj           65%        2d11      1%          5
 Lee's Rapid Deconstruct  Erth           32%        3d17*     1%          5
 Metabolic Englaciation   Hex/Ice        34%        N/A       1%          5
 Summon Forest            Summ/Tloc      32%        N/A       1%          5
 Summon Mana Viper        Hex/Summ       65%        N/A       1%          5
 Simulacrum               Ice/Necr       34%        N/A       1%          6
 Conjure Ball Lightning   Conj/Air       32%        3x3d10    2%          6
 Dispersal                Tloc           32%        N/A       2%          6
 Eringya's Noxious Bog    Tmut/Pois      32%        N/A       2%          6
 Plasma Beam              Fire/Air       32%        2x1d50    2%          6
 Starburst                Conj/Fire      32%        6d10      2%          6
 Statue Form              Tmut/Erth      43%        N/A       2%          6
 Summon Cactus Giant      Summ           32%        N/A       2%          6
 Ozocubu's Refrigeration  Ice            35%        4d15      5%          7
 Storm Form               Tmut/Air       32%        N/A       16%         7
 Summon Hydra             Summ           32%        N/A       16%         7
 Borgnjor's Revivificati  Necr           32%        N/A       75%         8
 Infestation              Necr           32%        N/A       75%         8
 Lehudib's Crystal Spear  Conj/Erth      32%        10d8      75%         8
 Maxwell's Capacitive Co  Air            32%        ∞         75%         8
 Death's Door             Necr           32%        N/A       100%        9
 Polar Vortex             Ice            35%        N/A       100%        9


Dungeon Overview and Level Annotations

Branches:
Dungeon (15/15)            Temple (0/1) D:4            Lair (5/5) D:11
  Swamp (4/4) Lair:2        Snake (4/4) Lair:2        Slime (0/5) Lair:5
    Orc (2/2) D:11            Elf (3/3) Orc:2        Vaults (5/5) D:13
  Crypt (3/3) Vaults:2       Tomb (0/3) Crypt:3      Depths (4/4) D:15
    Zot (5/5) Depths:4     Bailey (visited)           IceCv (visited)
 WizLab (visited)

Altars:
Dithmenos
Gozag
Hepliaklqana
Makhleb
Okawaru
Qazlal
Ru
Sif Muna
Trog
Uskayaw
Vehumet
Wu Jian
Xom
Yredelemnul
Lugonu

Shops:
D:7 *   D:10 (   Orc:2 *[:(   Elf:1 **[?   Elf:3 (   Snake:3 [   Snake:4 *
Vaults:4 =((:(:   Depths:1 :   Depths:3 (

Portals:
Hell: Depths:1 Depths:2 Depths:3 Depths:4
Abyss: Depths:3 Depths:4
Pandemonium: Depths:2
Ziggurat: Depths:1


Innate Abilities, Weirdness & Mutations

You have very sharp teeth.
Your uncanny sense of smell can sniff out nearby items.
Your experience applies equally to all skills.


Message History

You bite the green death, but do no damage.
The green death is severely wounded.
The green death gestures at you.
The blast of poison engulfs you but does no damage.
You resist.
Your spellforged servitor conjures an orb of pure magic.
You puncture the green death! You freeze the green death.
The green death is almost dead.
The green death gestures at you. The bolt of poison misses you.
You impale the green death!! You freeze the green death.
You kill the green death!
The Council accepts your kill.
(D) Dungeon (T) Temple (L) Lair (S) Swamp (P) Snake Pit (M) Slime Pits (O) Orcish Mines (E) Elven Halls (V) Vaults (C) Crypt (W) Tomb (U) Depths (H) Hell (Z) Zot
Where to? (Enter - D:1 @ (x,y), ? - help)
Your orb of destruction hits a rock wall.
A sixfirhy comes into view.
The sixfirhy misses you.
You riposte.
You barely miss the sixfirhy. Your bite misses the sixfirhy.
Your spellforged servitor launches a ball of destructive magic.
The sixfirhy hits you. The sixfirhy shocks you. You resist.
You miss the sixfirhy. You block the sixfirhy's attack. x2
You impale the sixfirhy!! You freeze the sixfirhy.
The sixfirhy is almost dead.
The orb of destruction hits the sixfirhy!!!
The sixfirhy is blown up!
The Council accepts your kill.
(D) Dungeon (T) Temple (L) Lair (S) Swamp (P) Snake Pit (M) Slime Pits (O) Orcish Mines (E) Elven Halls (V) Vaults (C) Crypt (W) Tomb (U) Depths (H) Hell (Z) Zot
Where to? (Enter - D:1 @ (x,y), ? - help) HP restored.
There is a dry fountain here.
Magic restored.
There is a staircase leading out of the dungeon here.
You have escaped!

###.).......)............###
##...##.####.####.####.#....##
#..###...##...##...##...###..#
#.## #.⌠.##.⌠.##.⌠.##.⌠.# ##.#
#.####...##...##...##...####.#
#...###.####.####.####.###...#
#.⌠.###.####.####.####.###.⌠.#
#)..............9...).....)..#
##.##..........@.........##.##
#............................#
#.⌠.###.####.####.####.###.⌠.#
#...###.####.####.####.###...#
#.####...##...##...##...####.#
#.## #.⌠.##.⌠.##.⌠.##[⌠.# ##.#
#..###...##...##...##...###..#
##...##.####.####.####.##...##
###......................###


You could see a friendly spellforged servitor (summoned).

Vanquished Creatures
  2 dread liches (Vaults:5)
  2 ancient liches
  A royal mummy (Crypt:3)
  Saint Roka (Depths:2)
  Bai Suzhen (Swamp:4)
  Vashnia (Snake:3)
  The ghost of Zuiged the Executioner, a veteran FoFi of Dithmenos (Crypt:2)
  The ghost of Gimnoub the Bludgeoner, a veteran AtFi of Ru (Swamp:2)
  4 golden dragons
  The ghost of Lutefisk the Severer, an adept HOCA of Ignis (Vaults:3)
  A bone dragon (Depths:4)
  The ghost of Ypybb the Sorcerer, a veteran DEIE of Ashenzari (Depths:3)
  A walking crystal tome (Depths:3)
  Mlioglotl (Swamp:2)
  Rupert (Lair:5)
  Jorgrun (Elf:2)
  4 liches
  11 tentacled monstrosities
  6 Orb Guardians
  Asterion (Vaults:1)
  3 deep elf master archers
  A deep elf blademaster (Elf:3)
  5 titans (Vaults:5)
  4 quicksilver dragons
  Agnes (Snake:1)
  6 sphinxes
  3 ancient champions
  A thorn hunter (WizLab)
  Frances (Elf:1)
  A revenant (Crypt:2)
  Kirke (D:15)
  5 shadow dragons (Vaults:5)
  4 tengu reavers
  3 storm dragons
  16 fire giants
  7 nagarajas (Snake:4)
  A draconian knight (Depths:4)
  13 frost giants
  Donald (Snake:2)
  3 fenstrider witches (WizLab)
  Aizul (Snake:3)
  7 deep elf sorcerers
  A balrug (Depths:1)
  A ghost moth (Vaults:4)
  2 iron dragons
  A caustic shrike zombie (Crypt:3)
  23 vault wardens
  3 deep elf elementalists (Elf:3)
  7 ghouls
  A spectral caustic shrike (Crypt:2)
  2 curse skulls (Crypt:2)
  A draconian annihilator (Zot:4)
  Louise (Elf:3)
  19 ironbound preservers
  2 juggernaut zombies
  2 reapers
  2 spectral juggernauts (Crypt:2)
  4 war gargoyles
  3 orc warlords
  4 spriggan defenders
  2 green draconians
  42 very ugly things
  4 eleionomae
  2 red draconians
  10 dire elephants
  17 stone giants
  9 ironbound thunderhulks
  A lorocyproca (D:4)
  11 vampire knights
  5 deep elf demonologists
  9 deep elf annihilators
  A black draconian (Depths:4)
  5 bunyips
  3 yellow draconians
  4 spark wasps (Depths:3)
  10 deep elf death magi
  4 mummy priests (Crypt:3)
  A blizzard demon (Depths:3)
  A green death (D:1)
  16 ettins
  15 yaktaur captains
  5 jiangshi
  3 shambling mangroves
  3 spriggan zombies
  2 entropy weavers
  13 fire dragons
  A merfolk impaler (Depths:1)
  Josephine (D:11)
  18 hydras
  7 great orbs of eyes
  A fenstrider witch zombie (Crypt:2)
  5 rakshasas
  6 deep elf high priests
  13 ice dragons
  29 vault guards
  2 hell beasts
  4 ghost crabs
  5 salamander tyrants
  2 peacekeepers
  7 anacondas
  17 centaur warriors
  A catoblepas (D:13)
  6 death knights
  2 ogre magi (Vaults:5)
  9 ironbound frosthearts
  5 spriggan air magi
  45 dancing weapons
  2 spriggan skeletons
  5 boulder beetles
  2 satyrs (WizLab)
  11 deep troll shamans
  A spectral stone giant (Crypt:2)
  7 alligators
  12 two-headed ogres
  13 tengu warriors
  10 death yaks
  A fenstrider witch skeleton (Crypt:2)
  A hell hog (Depths:1)
  22 naga warriors
  4 deep troll earth magi
  7 vampire magi
  15 naga sharpshooters
  14 shock serpents
  3 soul eaters (Depths:1)
  Urug (Orc:2)
  11 spriggan berserkers
  2 spectral dire elephants (Crypt:2)
  5 orc high priests
  4 sun demons
  A golden dragon zombie (Depths:3)
  Nergalle (D:11)
  A skyshark (shapeshifter) (Depths:2)
  4 skeletal warriors (Crypt:2)
  13 spriggans
  19 hell knights
  A titan skeleton (Crypt:3)
  15 deep elf knights
  A skyshark (Lair:5)
  3 salamander mystics (Snake:4)
  6 iron trolls
  A sixfirhy (D:1)
  5 shadow wraiths
  3 sea snakes (Snake:1)
  Lodul (D:14)
  6 glowing orange brains
  2 spectral anacondas (Crypt:2)
  A death drake (Swamp:2)
  53 deep trolls
  15 ironbound convokers
  8 naga ritualists
  8 deep elf archers
  9 swamp dragons
  An orange crystal statue (Lair:1)
  11 phantasmal warriors
  4 flayed ghosts
  A lindwurm (shapeshifter) (Depths:4)
  A bunyip skeleton (Crypt:2)
  A spriggan druid (Swamp:2)
  A golden dragon skeleton (Depths:3)
  7 wizards
  22 bog bodies
  15 lindwurms
  26 deep elf pyromancers
  8 necromancers
  An anaconda skeleton (Crypt:2)
  22 deep elf zephyrmancers
  6 harpies
  A harpy (shapeshifter) (D:13)
  4 orc sorcerers
  Pikel (D:8)
  4 fauns (WizLab)
  7 orc knights
  47 ugly things
  2 oklob plants (WizLab)
  An eleionoma zombie (Crypt:1)
  27 salamanders
  An iron dragon zombie (Crypt:3)
  A sphinx skeleton (Depths:3)
  13 mana vipers
  A wolf spider (Lair:5)
  A cyclops (shapeshifter) (Depths:3)
  A spectral ettin (Crypt:2)
  A spectral alligator snapping turtle (Crypt:2)
  2 centaur zombies
  7 will-o-the-wisps
  37 black mambas
  A moth of wrath (Zot:3)
  24 vault sentinels
  19 naga magi
  2 cyclopes (D:13)
  26 slime creatures
  2 torpor snails
  3 manticores
  Maurice (D:13)
  A dire elephant zombie (Crypt:2)
  A frost giant skeleton (Crypt:3)
  13 guardian serpents
  A black draconian zombie (Crypt:1)
  A rust devil (D:15)
  3 ice statues (IceCv)
  4 smoke demons (Depths:1)
  A gargoyle (D:10)
  A rime drake (Lair:3)
  2 unseen horrors
  A naga skeleton (Crypt:2)
  A centaur skeleton (Crypt:2)
  A hellion (Depths:1)
  A pale draconian zombie (Crypt:1)
  A bunyip simulacrum (Swamp:2)
  Psyche (D:8)
  12 cane toads
  3 kobold demonologists
  11 freezing wraiths
  4 komodo dragons
  An unseen horror zombie (Crypt:2)
  35 yaktaurs
  2 anaconda simulacra (IceCv)
  A komodo dragon (shapeshifter) (Vaults:5)
  An ice devil (D:7)
  5 trolls
  A polar bear (shapeshifter) (D:13)
  39 guardian mummies (Crypt:3)
  A spectral naga (Crypt:2)
  6 tengu conjurers
  A queen bee (Lair:1)
  A spectral harpy (Crypt:2)
  3 bloated husks (Swamp:2)
  9 tyrant leeches
  13 polar bears
  4 meliai (D:13)
  21 hornets
  Prince Ribbit (D:6)
  A fire dragon zombie (Crypt:1)
  2 harpy skeletons
  11 blink frogs (Lair:5)
  A hydra skeleton (Crypt:2)
  3 raiju (Lair:5)
  A dream sheep (shapeshifter) (Depths:2)
  9 flying skulls
  2 centaur simulacra
  4 air elementals
  A slime creature (shapeshifter) (Depths:2)
  Sigmund (D:3)
  22 wyverns
  5 shadows
  A human (D:8)
  5 water elementals
  10 ushabtiu (Crypt:3)
  3 vampires
  2 nameless horrors
  2 golden eyes (Zot:3)
  53 yaks
  A steam dragon (D:10)
  19 wraiths
  A basilisk (shapeshifter) (Depths:2)
  2 fire elementals
  13 redbacks
  5 basilisks
  A neqoxec (Zot:5)
  Grum (D:11)
  4 hogs (D:15)
  8 vampire mosquitoes
  A swamp worm (shapeshifter) (Depths:3)
  A harpy simulacrum (Crypt:1)
  3 acid dragons
  4 wargs (Lair:5)
  A naga zombie (Crypt:1)
  20 swamp worms
  A death drake simulacrum (Swamp:2)
  14 hell hounds (Lair:5)
  37 nagas
  A two-headed ogre skeleton (Crypt:1)
  A floating eye (shapeshifter) (Vaults:5)
  2 floating eyes
  15 water moccasins
  A fire bat skeleton (Crypt:3)
  7 swamp drakes (Swamp:4)
  A spriggan simulacrum (Swamp:2)
  41 orc warriors
  14 black bears
  3 boggarts (D:14)
  28 ogres
  A blink frog zombie (Crypt:2)
  A lindwurm skeleton (Crypt:2)
  22 wolves
  22 centaurs
  A blink frog skeleton (Crypt:1)
  A lemure (D:8)
  A draconian zombie (Crypt:2)
  A vine stalker zombie (Crypt:3)
  7 bullfrogs
  An elephant skeleton (Crypt:3)
  A komodo dragon zombie (Crypt:2)
  3 gnoll sergeants
  13 kobold brigands
  2 necrophages
  An earth elemental (Elf:1)
  A yaktaur skeleton (Crypt:3)
  A cane toad simulacrum (IceCv)
  2 scorpions
  10 wights
  A polar bear zombie (Crypt:1)
  A water moccasin zombie (Crypt:1)
  2 elephant simulacra (IceCv)
  29 killer bees
  3 electric eels
  4 howler monkeys
  3 lava snakes (Lair:1)
  7 hounds
  20 orc priests
  3 gnoll boudas
  A jelly (D:8)
  4 iguanas
  A sleepcap (D:5)
  33 orc wizards
  2 polar bear simulacra (IceCv)
  A statue (D:11)
  A wolf simulacrum (IceCv)
  A hound skeleton (Crypt:2)
  4 mummies (Crypt:3)
  7 adders
  34 gnolls
  13 white imps
  2 ufetubi (D:5)
  An adder zombie (Crypt:3)
  A jelly zombie (Crypt:1)
  7 worms
  3 dart slugs
  81 orcs
  4 endoplasms
  3 giant cockroaches
  12 goblins
  9 hobgoblins
  37 kobolds
  4 quokkas
  3 training dummies (Elf:3)
  5 ball pythons
  3 bats
  6 frilled lizards
  A gnoll skeleton (Crypt:2)
  A goblin skeleton (Crypt:1)
  A goblin zombie (D:8)
  5 rats (D:1)
  37 foxfires
2380 creatures vanquished.

Notes
Turn   | Place    | Note
-------+----------+-------------------------------------------
     0 | D:1      | jfcaron the Gnoll Brigand began the quest for the Orb.
     0 | D:1      | Reached XP level 1. HP: 20/20 MP: 1/1
   105 | D:1      | Reached XP level 2. HP: 20/26 MP: 2/2
   707 | D:2      | Reached XP level 3. HP: 15/31 MP: 3/3
   823 | D:2      | Reached skill level 1 in Invocations
   898 | D:2      | Reached skill level 1 in Long Blades
   898 | D:2      | Reached skill level 1 in Axes
   898 | D:2      | Reached skill level 1 in Maces & Flails
   898 | D:2      | Reached skill level 1 in Polearms
   898 | D:2      | Reached skill level 1 in Staves
   898 | D:2      | Reached skill level 1 in Ranged Weapons
   898 | D:2      | Reached skill level 1 in Armour
   898 | D:2      | Reached skill level 1 in Shields
   898 | D:2      | Reached skill level 1 in Unarmed Combat
   898 | D:2      | Reached skill level 1 in Spellcasting
   898 | D:2      | Reached skill level 1 in Evocations
  1033 | D:2      | Found a faded altar of an unknown god.
  1043 | D:2      | Prayed at the altar of an unknown god.
  1043 | D:2      | Became a worshipper of the Wu Jian Council
  1043 | D:2      | Reached * piety under Wu Jian
  1111 | D:2      | Reached XP level 4. HP: 36/38 MP: 5/5
  1476 | D:3      | Reached skill level 1 in Conjurations
  1476 | D:3      | Reached skill level 1 in Hexes
  1476 | D:3      | Reached skill level 1 in Summonings
  1476 | D:3      | Reached skill level 1 in Necromancy
  1476 | D:3      | Reached skill level 1 in Translocations
  1476 | D:3      | Reached skill level 1 in Transmutations
  1476 | D:3      | Reached skill level 1 in Fire Magic
  1476 | D:3      | Reached skill level 1 in Ice Magic
  1476 | D:3      | Reached skill level 1 in Air Magic
  1476 | D:3      | Reached skill level 1 in Earth Magic
  1476 | D:3      | Reached skill level 1 in Poison Magic
  1600 | D:3      | Noticed Sigmund
  1634 | D:3      | Killed Sigmund
  1635 | D:3      | Reached skill level 5 in Fighting
  1635 | D:3      | Reached skill level 5 in Short Blades
  1635 | D:3      | Reached skill level 5 in Throwing
  1635 | D:3      | Reached XP level 5. HP: 33/44 MP: 5/7
  1635 | D:3      | Reached XP level 6. HP: 39/51 MP: 5/8
  2343 | D:4      | Reached ** piety under Wu Jian
  2423 | D:4      | Found a hazy altar of Hepliaklqana.
  2428 | D:4      | Found a hide-covered altar of Uskayaw.
  2538 | D:4      | Found a burning altar of Makhleb.
  2567 | D:4      | HP: 10/51 [poisoned by a gnoll]
  2572 | D:4      | HP: 4/51 [poisoned by a gnoll]
  2935 | D:4      | Reached XP level 7. HP: 54/56 MP: 10/10
  3814 | D:4      | Found a staircase to the Ecumenical Temple.
  3968 | D:5      | Entered Level 5 of the Dungeon
  4311 | D:5      | Reached *** piety under Wu Jian
  4447 | D:5      | Reached XP level 8. HP: 63/63 MP: 12/12
  4893 | D:5      | Learned a level 2 spell: Blink
  4968 | D:6      | Noticed Prince Ribbit
  4984 | D:6      | Killed Prince Ribbit
  5058 | D:6      | Identified the +9 chain mail of Resourcefulness {rPois
                  | Will+ Int+3 Stlth+}
  5161 | D:6      | Learned a level 2 spell: Wereblood
  5407 | D:6      | Found an ornate altar of the Wu Jian Council.
  5408 | D:6      | Found a shadowy altar of Dithmenos.
  5506 | D:6      | Reached skill level 6 in Short Blades
  5867 | D:7      | Reached XP level 9. HP: 69/69 MP: 14/14
  5988 | D:7      | Found a sacrificial altar of Ru.
  6118 | D:7      | Found a stormy altar of Qazlal.
  6180 | D:7      | Reached skill level 5 in Dodging
  6380 | D:7      | Noticed a boulder beetle
  6403 | D:7      | Killed a boulder beetle
  6404 | D:7      | Reached skill level 5 in Invocations
  6728 | D:7      | Found a bloodstained altar of Trog.
  6904 | D:7      | Found Xuludaopt's General Store.
  7697 | D:8      | Noticed a two-headed ogre
  7727 | D:8      | Killed a two-headed ogre
  7728 | D:8      | Reached skill level 5 in Long Blades
  7728 | D:8      | Reached skill level 5 in Axes
  7728 | D:8      | Reached skill level 5 in Maces & Flails
  7728 | D:8      | Reached skill level 5 in Polearms
  7728 | D:8      | Reached skill level 5 in Staves
  7728 | D:8      | Reached skill level 5 in Ranged Weapons
  7728 | D:8      | Reached skill level 5 in Armour
  7728 | D:8      | Reached skill level 5 in Shields
  7728 | D:8      | Reached skill level 5 in Unarmed Combat
  7728 | D:8      | Reached skill level 5 in Spellcasting
  7728 | D:8      | Reached skill level 5 in Evocations
  7728 | D:8      | Reached XP level 10. HP: 66/77 MP: 17/17
  7862 | D:8      | Reached skill level 7 in Short Blades
  8252 | D:8      | Found a runed translucent door.
  8255 | D:8      | Found a basalt altar of Yredelemnul.
  8328 | D:8      | Noticed Psyche
  8401 | D:8      | Killed Psyche
  8537 | D:8      | Noticed Pikel
  8560 | D:8      | Killed Pikel
  8828 | D:9      | Found a flagged portal.
  8852 | Bailey   | Entered a bailey
  8883 | Bailey   | Noticed an orc knight
  8913 | Bailey   | Killed an orc knight
  8913 | Bailey   | Reached **** piety under Wu Jian
  9800 | D:9      | Found a shimmering blue altar of Sif Muna.
  9871 | D:9      | Reached skill level 5 in Conjurations
  9871 | D:9      | Reached skill level 5 in Hexes
  9871 | D:9      | Reached skill level 5 in Summonings
  9871 | D:9      | Reached skill level 5 in Necromancy
  9871 | D:9      | Reached skill level 5 in Translocations
  9871 | D:9      | Reached skill level 5 in Transmutations
  9871 | D:9      | Reached skill level 5 in Fire Magic
  9871 | D:9      | Reached skill level 5 in Ice Magic
  9871 | D:9      | Reached skill level 5 in Air Magic
  9871 | D:9      | Reached skill level 5 in Earth Magic
  9871 | D:9      | Reached skill level 5 in Poison Magic
  9876 | D:9      | Reached XP level 11. HP: 85/85 MP: 20/20
  9889 | D:9      | Noticed a two-headed ogre
  9905 | D:9      | Killed a two-headed ogre
  9906 | D:9      | Reached skill level 10 in Stealth
 10707 | D:9      | Noticed a two-headed ogre
 10719 | D:9      | Killed a two-headed ogre
 10811 | D:9      | Reached skill level 8 in Short Blades
 11094 | D:10     | Entered Level 10 of the Dungeon
 11094 | D:10     | Noticed a deep elf pyromancer
 11232 | D:10     | Killed a deep elf pyromancer
 11432 | D:10     | Found Oddavelu's Antique Weapon Shoppe.
 11480 | D:10     | Noticed a soul eater
 11483 | D:10     | Noticed a sun demon
 11488 | D:10     | HP: 5/86 [gargoyle/stone arrow (27)]
 11495 | D:10     | HP: 6/86 [gargoyle/stone arrow (16)]
 11828 | D:10     | Reached ***** piety under Wu Jian
 11834 | D:10     | Found an iron altar of Okawaru.
 12901 | D:11     | Noticed Josephine
 12901 | D:11     | Noticed a two-headed ogre
 12902 | D:11     | Noticed Grum
 12974 | D:11     | Noticed Nergalle
 12986 | D:11     | Killed Nergalle
 13017 | D:11     | Killed Josephine
 13071 | D:11     | Reached XP level 12. HP: 43/94 MP: 22/22
 13201 | D:11     | Killed a two-headed ogre
 13401 | D:11     | Noticed a death yak
 13402 | D:11     | Noticed a death yak
 13403 | D:11     | Noticed a death yak
 13404 | D:11     | Noticed a death yak
 13405 | D:11     | Noticed a death yak
 13407 | D:11     | Noticed a death yak
 13423 | D:11     | Killed a death yak
 13423 | D:11     | Killed a death yak
 13424 | D:11     | Killed a death yak
 13427 | D:11     | Killed a death yak
 13430 | D:11     | Killed a death yak
 13430 | D:11     | Killed a death yak
 13431 | D:11     | Reached skill level 9 in Short Blades
 13434 | D:11     | Found a staircase to the Lair.
 13591 | D:11     | Found a staircase to the Orcish Mines.
 13766 | D:11     | Noticed a two-headed ogre
 13777 | D:11     | Killed a two-headed ogre
 13826 | D:11     | Identified a scroll of acquirement
 13826 | D:11     | Acquired the amulet "Pughagu" {Regen+ Int+4 SInv}
 13947 | D:11     | Found a radiant altar of Vehumet.
 14029 | D:11     | Killed Grum
 14467 | Orc:1    | Entered Level 1 of the Orcish Mines
 14472 | Orc:1    | Noticed an ettin
 14486 | Orc:1    | Killed an ettin
 14487 | Orc:1    | Reached XP level 13. HP: 50/101 MP: 25/25
 14612 | Orc:2    | Entered Level 2 of the Orcish Mines
 14680 | Orc:2    | Reached ****** piety under Wu Jian
 15324 | Orc:2    | Found a staircase to the Elven Halls.
 15601 | Orc:2    | HP: 10/101 [orc high priest/divine providence (13)]
 16065 | Orc:2    | Noticed an orc warlord
 16089 | Orc:2    | Killed an orc warlord
 16425 | Orc:2    | Noticed Urug
 16432 | Orc:2    | Killed Urug
 16574 | Orc:2    | Found Camaass's General Store.
 16575 | Orc:2    | Found Affaz's Book Boutique.
 16577 | Orc:2    | Found Nyeren's Antique Armour Boutique.
 16577 | Orc:2    | Found Zinuzele's Antique Weapon Shop.
 16582 | Orc:2    | Bought a potion of heal wounds for 70 gold pieces
 16724 | Orc:2    | Bought a runed cloak for 270 gold pieces
 16727 | Orc:2    | Bought the +0 pair of fencer's gloves {Riposte Dex+3} for
                  | 1440 gold pieces
 16727 | Orc:2    | Found the +0 pair of fencer's gloves {Riposte Dex+3}
 16856 | Lair:1   | Entered Level 1 of the Lair of Beasts
 16860 | Lair:1   | Reached skill level 10 in Fighting
 16860 | Lair:1   | Reached skill level 10 in Short Blades
 16860 | Lair:1   | Reached skill level 10 in Throwing
 16860 | Lair:1   | Got Unlyde's Secrets of Summoning and Blasts
 17943 | Lair:2   | Found a staircase to the Snake Pit.
 18106 | Lair:2   | Reached skill level 10 in Invocations
 18106 | Lair:2   | Reached XP level 14. HP: 110/110 MP: 27/27
 18255 | Lair:2   | Found a staircase to the Swamp.
 18359 | Lair:2   | Found the ring of the Hare {EV+10}
 18896 | Lair:3   | Learned a level 3 spell: Frozen Ramparts
 19446 | Lair:4   | Found a frozen archway.
 19458 | IceCv    | Entered an ice cave
 20904 | Lair:5   | Entered Level 5 of the Lair of Beasts
 20935 | Lair:5   | Reached skill level 10 in Dodging
 21215 | Lair:5   | Found a staircase to the Slime Pits.
 21444 | Lair:5   | Reached skill level 11 in Short Blades
 21447 | Lair:5   | Reached skill level 10 in Long Blades
 21447 | Lair:5   | Reached skill level 10 in Axes
 21447 | Lair:5   | Reached skill level 10 in Maces & Flails
 21447 | Lair:5   | Reached skill level 10 in Polearms
 21447 | Lair:5   | Reached skill level 10 in Staves
 21447 | Lair:5   | Reached skill level 10 in Ranged Weapons
 21447 | Lair:5   | Reached skill level 10 in Armour
 21447 | Lair:5   | Reached skill level 10 in Shields
 21447 | Lair:5   | Reached skill level 10 in Unarmed Combat
 21447 | Lair:5   | Reached skill level 10 in Spellcasting
 21447 | Lair:5   | Reached skill level 10 in Evocations
 21498 | Lair:5   | Reached XP level 15. HP: 118/118 MP: 18/29
 21667 | Lair:5   | Noticed Rupert
 23021 | Lair:5   | Learned a level 1 spell: Apportation
 23292 | Lair:5   | Killed Rupert
 23470 | Orc:2    | Bought a manual of Short Blades for 800 gold pieces
 23471 | Orc:2    | Bought a wand of paralysis (1) for 33 gold pieces
 23649 | D:12     | Identified the +0 rapier of Death {heavy, Will+ rCorr MP-9
                  | Str+3 Dex-5}
 24584 | D:13     | Noticed Maurice
 24589 | D:13     | Killed Maurice
 25092 | D:13     | Reached skill level 12 in Short Blades
 25236 | D:13     | Found a gate to the Vaults.
 25531 | D:13     | Reached XP level 16. HP: 127/127 MP: 30/30
 25919 | D:13     | Found an ornate altar of the Wu Jian Council.
 26451 | D:14     | Learned a level 4 spell: Summon Lightning Spire
 26782 | D:14     | Noticed Lodul
 26805 | D:14     | Killed Lodul
 27001 | D:15     | Entered Level 15 of the Dungeon
 27028 | D:15     | Noticed Kirke
 27051 | D:15     | Killed Kirke
 27227 | D:15     | Learned a level 3 spell: Tukima's Dance
 27509 | D:15     | Found a staircase to the Depths.
 27791 | Orc:2    | Bought a pair of embroidered boots for 270 gold pieces
 27793 | Orc:2    | Bought a pair of runed boots for 270 gold pieces
 27913 | Snake:1  | Entered Level 1 of the Snake Pit
 28095 | Snake:1  | Reached skill level 13 in Short Blades
 28185 | Snake:1  | Noticed Agnes
 28997 | Snake:1  | Killed Agnes
 29464 | Snake:2  | Reached XP level 17. HP: 121/135 MP: 29/32
 29746 | Snake:2  | Reached skill level 10 in Conjurations
 29746 | Snake:2  | Reached skill level 10 in Hexes
 29746 | Snake:2  | Reached skill level 10 in Summonings
 29746 | Snake:2  | Reached skill level 10 in Necromancy
 29746 | Snake:2  | Reached skill level 10 in Translocations
 29746 | Snake:2  | Reached skill level 10 in Transmutations
 29746 | Snake:2  | Reached skill level 10 in Fire Magic
 29746 | Snake:2  | Reached skill level 10 in Ice Magic
 29746 | Snake:2  | Reached skill level 10 in Air Magic
 29746 | Snake:2  | Reached skill level 10 in Earth Magic
 29746 | Snake:2  | Reached skill level 10 in Poison Magic
 30322 | Snake:2  | Noticed Donald
 30334 | Snake:2  | Killed Donald
 30688 | Snake:2  | Reached skill level 14 in Short Blades
 31373 | Snake:3  | Noticed Aizul
 31392 | Snake:3  | Killed Aizul
 31395 | Snake:3  | Noticed Vashnia
 31461 | Snake:3  | Killed Vashnia
 31682 | Snake:3  | Found Kixzukk's Antique Armour Shoppe.
 31822 | Snake:4  | Entered Level 4 of the Snake Pit
 32309 | Snake:4  | Reached XP level 18. HP: 95/143 MP: 16/34
 32415 | Snake:4  | Found an opulent altar of Gozag.
 32552 | Snake:4  | Reached skill level 15 in Short Blades
 32925 | Snake:4  | Got a serpentine rune of Zot
 33134 | Snake:4  | Found Fuic's Assorted Antiques.
 33715 | Swamp:1  | Entered Level 1 of the Swamp
 34314 | Swamp:2  | Noticed Mlioglotl
 34329 | Swamp:2  | Killed Mlioglotl
 34358 | Swamp:2  | Noticed a tentacled monstrosity
 34415 | Swamp:2  | Found a transporter.
 34417 | Swamp:2  | Noticed Gimnoub's ghost (veteran AtFi)
 34561 | Swamp:2  | Killed a tentacled monstrosity
 34562 | Swamp:2  | Reached skill level 15 in Stealth
 34731 | Swamp:2  | Found a transporter.
 35012 | Swamp:2  | Killed Gimnoub's ghost
 35659 | Swamp:4  | Entered Level 4 of the Swamp
 35668 | Swamp:4  | Reached skill level 16 in Short Blades
 35668 | Swamp:4  | Reached XP level 19. HP: 131/151 MP: 32/36
 36069 | Swamp:4  | Noticed Bai Suzhen
 37020 | Swamp:4  | Got a decaying rune of Zot
 37029 | Swamp:4  | Learned a level 5 spell: Freezing Cloud
 37115 | Swamp:4  | Killed Bai Suzhen
 37469 | Vaults:1 | Entered Level 1 of the Vaults
 38079 | Vaults:1 | Noticed Asterion
 38090 | Vaults:1 | Killed Asterion
 38235 | Vaults:1 | Learned a level 5 spell: Irradiate
 38281 | Vaults:1 | Reached skill level 15 in Invocations
 38285 | Vaults:1 | Reached skill level 17 in Short Blades
 38313 | Vaults:1 | Reached XP level 20. HP: 160/160 MP: 29/37
 39733 | Vaults:2 | Found a staircase to the Crypt.
 40300 | Vaults:2 | Reached skill level 15 in Fighting
 40300 | Vaults:2 | Reached skill level 15 in Throwing
 41289 | Vaults:3 | Identified the +3 long sword "Zecaoger" {venom, *Slow rPois
                  | Str+4 Dex+5}
 41751 | Vaults:3 | Reached skill level 18 in Short Blades
 42170 | Vaults:3 | Reached XP level 21. HP: 168/168 MP: 32/39
 42298 | Vaults:3 | Identified the +0 pair of boots "Loimnull" {rPois Str-3
                  | Int+2}
 42605 | Vaults:3 | Found a large runed translucent door.
 42605 | Vaults:3 | Noticed Lutefisk's ghost (adept HOCA)
 42606 | Vaults:3 | Found a large runed translucent door.
 42743 | Vaults:3 | HP: 13/168 [Lutefisk's ghost/burning poison (48)]
 42757 | Vaults:3 | Killed Lutefisk's ghost
 42773 | Vaults:3 | Reached skill level 15 in Dodging
 42773 | Vaults:3 | Reached XP level 22. HP: 78/176 MP: 27/40
 42938 | Vaults:4 | Reached skill level 15 in Shields
 42987 | Vaults:4 | Found Ipte's Jewellery Shoppe.
 42991 | Vaults:4 | Bought the ring of Linearity {Fly rElec rC+ Str+3} for 900
                  | gold pieces
 43003 | Vaults:4 | Bought the ring of Omiukida {rF+ Dex+3 SInv} for 807 gold
                  | pieces
 43549 | Vaults:4 | Found Nuoroth's Book Emporium.
 43606 | Vaults:4 | Reached skill level 15 in Long Blades
 43606 | Vaults:4 | Reached skill level 15 in Axes
 43606 | Vaults:4 | Reached skill level 15 in Maces & Flails
 43606 | Vaults:4 | Reached skill level 15 in Polearms
 43606 | Vaults:4 | Reached skill level 15 in Staves
 43606 | Vaults:4 | Reached skill level 15 in Ranged Weapons
 43606 | Vaults:4 | Reached skill level 15 in Armour
 43606 | Vaults:4 | Reached skill level 15 in Unarmed Combat
 43606 | Vaults:4 | Reached skill level 15 in Spellcasting
 43606 | Vaults:4 | Reached skill level 15 in Evocations
 43786 | Vaults:4 | Identified the +8 mace "Adeamuorr" {antimagic, +Blink rC+
                  | rN++ Int-4 Dex+2}
 44159 | Vaults:4 | Found Evamiske's Book Shop.
 44222 | Vaults:4 | Found Satude's Weapon Emporium.
 44275 | Vaults:4 | Found Xyideab's Weapon Emporium.
 44383 | Vaults:4 | Identified the +6 great mace "Zowkia" {freeze, Fragile rC-
                  | Str+6 Int+9}
 44435 | Vaults:4 | Found Haan Jiff's Weapon Shoppe.
 44882 | Orc:2    | Bought Great Wizards, Vol. VII for 300 gold pieces
 44888 | Orc:2    | Learned a level 5 spell: Yara's Violent Unravelling
 44919 | Elf:1    | Entered Level 1 of the Elven Halls
 45044 | Elf:1    | Reached skill level 19 in Short Blades
 45292 | Elf:1    | Noticed Frances
 45310 | Elf:1    | Killed Frances
 45441 | Elf:1    | Found Siaxah's Magic Scroll Boutique.
 45444 | Elf:1    | Paralysed by an air elemental for 1 turns
 45448 | Elf:1    | Paralysed by an air elemental for 1 turns
 45466 | Elf:1    | Found Haycob's Antique Armour Boutique.
 45466 | Elf:1    | Found Uczemum's Assorted Antiques.
 45471 | Elf:1    | Found Biceluf's General Store.
 45521 | Elf:1    | Bought a scroll of enchant weapon for 127 gold pieces
 46443 | Elf:2    | Noticed Jorgrun
 46450 | Elf:2    | Killed Jorgrun
 46452 | Elf:2    | Found a magical portal.
 46473 | WizLab   | Entered Eringya's Formal Garden
 46739 | WizLab   | Paralysed by a hornet for 1 turns
 46798 | WizLab   | Reached XP level 23. HP: 184/184 MP: 42/42
 46840 | WizLab   | Paralysed by a fenstrider witch for 4 turns
 46916 | WizLab   | Found a blossoming altar of Fedhas.
 47553 | Elf:2    | Found a huge runed translucent gate.
 47553 | Elf:2    | Found a huge runed translucent gate.
 47564 | Elf:2    | Found a huge runed translucent gate.
 47566 | Elf:2    | Found a huge runed translucent gate.
 47566 | Elf:2    | Found a huge runed translucent gate.
 48505 | Elf:3    | Entered Level 3 of the Elven Halls
 48558 | Elf:3    | Found Rakhlea's Firing Range.
 48578 | Elf:3    | Found a flickering gateway to a bazaar.
 48600 | Bazaar   | Entered a bazaar
 48620 | Bazaar   | Found Kougifij's Antique Weapon Shoppe.
 48631 | Bazaar   | Found Jyddong's Antique Armour Emporium.
 48658 | Bazaar   | Found Istil's Armour Boutique.
 48674 | Bazaar   | Found Vepecy's Magic Scroll Emporium.
 48717 | Bazaar   | Bought a scroll of blinking for 112 gold pieces
 48938 | Elf:3    | Noticed Louise
 48948 | Elf:3    | Killed Louise
 49838 | Elf:3    | Reached skill level 20 in Short Blades
 50113 | Elf:3    | Identified the staff of poison "Uhiuh" {rElec rPois rC+}
 50120 | Elf:3    | Identified the staff of death "Xoacidue" {rC+ rN+ Str+3
                  | Dex+3}
 50374 | Elf:1    | Bought a runed cloak for 240 gold pieces
 50470 | Elf:3    | Bought a throwing net for 45 gold pieces
 50470 | Elf:3    | Bought 2 throwing nets for 90 gold pieces
 51091 | Crypt:1  | Entered Level 1 of the Crypt
 52133 | Crypt:2  | Found a runed translucent gate.
 52134 | Crypt:2  | Found a runed translucent gate.
 52136 | Crypt:2  | Found a runed translucent gate.
 52137 | Crypt:2  | Noticed Zuiged's ghost (veteran FoFi)
 52623 | Crypt:2  | Found a runed translucent door.
 52624 | Crypt:2  | Noticed an ancient lich
 53054 | Crypt:2  | Learned a level 5 spell: Silence
 53070 | Crypt:2  | Killed an ancient lich
 53071 | Crypt:2  | Reached XP level 24. HP: 191/193 MP: 37/43
 53316 | Crypt:2  | HP: 29/193 [spectral juggernaut (36)]
 53638 | Crypt:2  | Killed Zuiged's ghost
 53712 | Crypt:2  | Identified the ring of Qavot {Fire Int+7 Dex+2}
 53736 | Crypt:3  | Entered Level 3 of the Crypt
 54700 | Crypt:3  | Reached skill level 15 in Ice Magic
 54983 | Crypt:3  | Noticed a royal mummy
 55134 | Crypt:3  | Killed a royal mummy
 55673 | Crypt:3  | Reached skill level 21 in Short Blades
 56140 | Crypt:3  | Found a staircase to the Tomb.
 56378 | Crypt:3  | Got the Book of Diablerie
 57038 | Depths:1 | Entered Level 1 of the Depths
 57174 | Depths:1 | jfcaron: ??order
 57174 | Depths:1 | beem: hyperelliptic[1/2]: D:11 -> Lair -> D:12 -> Orc ->
                  | D:15 -> S:3 -> maybe other S:3 -> get both S runes -> maybe
                  | Elf (but not the Elf:3 vault) -> Vaults:4 -> maybe Crypt ->
                  | Depths:4 -> Vaults:5 -> maybe Slime -> Zot ("S" means
                  | Shoals/Snake/Spider/Swamp)
 57190 | Depths:1 | Found Ucwuaxah's Book Shop.
 57405 | Depths:1 | Found an opulent altar of Gozag.
 57509 | Depths:1 | Found a gateway to Hell.
 57521 | Depths:1 | Identified the +7 demon trident of Kismet {freeze, Will+
                  | Str+3}
 57522 | Depths:1 | Identified the +1 demon whip of Vanity {flame, rElec rPois
                  | rF- rCorr}
 57646 | Depths:1 | Found an opulent altar of Gozag.
 57699 | Depths:1 | Found an opulent altar of Gozag.
 57711 | Depths:1 | Found an opulent altar of Gozag.
 57813 | Depths:1 | Found a one-way gateway to a ziggurat.
 58607 | Depths:2 | Noticed Saint Roka
 58621 | Depths:2 | Killed Saint Roka
 58622 | Depths:2 | Reached XP level 25. HP: 162/201 MP: 7/43
 59032 | Depths:2 | Paralysed by a floating eye for 2 turns
 59788 | Depths:2 | Found a one-way gate leading to the halls of Pandemonium.
 60820 | Depths:3 | Reached skill level 22 in Short Blades
 61383 | Depths:3 | Found a corrupted altar of Lugonu.
 61383 | Depths:3 | Found a one-way gate to the infinite horrors of the Abyss.
 61933 | Depths:3 | Found Olofath's Antique Weapon Boutique.
 62123 | Depths:3 | Acquired 497 gold pieces
 62202 | Depths:3 | Found a hazy altar of Hepliaklqana.
 62203 | Depths:3 | Found a runed translucent door.
 62203 | Depths:3 | Found a shimmering altar of Xom.
 62203 | Depths:3 | Noticed Ypybb's ghost (veteran DEIE)
 62300 | Depths:3 | Reached XP level 26. HP: 211/211 MP: 37/44
 62654 | Depths:3 | Killed Ypybb's ghost
 62714 | Depths:3 | Bought a scorched rapier for 315 gold pieces
 62714 | Depths:3 | Identified the +10 rapier "Vac Bih Ogy" {distort, rN+
                  | Int+4} (You bought it in a shop on level 3 of the Depths)
 62758 | Depths:4 | Entered Level 4 of the Depths
 63053 | Depths:3 | Reached skill level 15 in Conjurations
 63053 | Depths:3 | Reached skill level 15 in Hexes
 63053 | Depths:3 | Reached skill level 15 in Summonings
 63053 | Depths:3 | Reached skill level 15 in Necromancy
 63053 | Depths:3 | Reached skill level 15 in Translocations
 63053 | Depths:3 | Reached skill level 15 in Transmutations
 63053 | Depths:3 | Reached skill level 15 in Fire Magic
 63053 | Depths:3 | Reached skill level 15 in Air Magic
 63053 | Depths:3 | Reached skill level 15 in Earth Magic
 63053 | Depths:3 | Reached skill level 15 in Poison Magic
 64812 | Depths:4 | Found a gate to the Realm of Zot.
 65414 | Vaults:5 | Entered Level 5 of the Vaults
 65590 | Vaults:5 | Identified the +5 halberd of Doom {venom, Will+ Int+3 SInv
                  | Stlth-}
 65877 | Vaults:5 | Reached skill level 23 in Short Blades
 66076 | Vaults:5 | Noticed an ancient lich
 66097 | Vaults:5 | Killed an ancient lich
 66421 | Vaults:5 | Identified the +6 hand axe of Ashenzari, Charming
                  | {antimagic, rPois rF+ Dex+5}
 66437 | Vaults:5 | Noticed a dread lich
 66458 | Vaults:5 | Killed a dread lich
 66459 | Vaults:5 | Reached XP level 27. HP: 219/219 MP: 2/45
 66585 | Vaults:5 | Identified the +6 hand axe of Fin Bydufe {flame, Dex+8}
 66678 | Vaults:5 | Identified the +0 chain mail of the Echidna {Dex+6}
 66964 | Vaults:5 | Noticed a dread lich
 66978 | Vaults:5 | Killed a dread lich
 66994 | Vaults:5 | Identified the +9 triple crossbow of Balance {antimagic,
                  | rC+}
 66994 | Vaults:5 | Identified the staff of earth "Govos" {rN+ Will+ Int+6}
 66994 | Vaults:5 | Identified the ring "Resopiull" {rN+ Str+5 Int+3 SInv}
 67247 | Vaults:5 | Identified the staff of death "Miucivau" {Drain rN+ Will+
                  | Str+2 Dex+3}
 67354 | Vaults:5 | Got the Catalogue of Xenomorphic Attacks
 67365 | Vaults:5 | Got a silver rune of Zot
 67420 | Vaults:5 | Found the +2 hood of the Assassin {Detect Stab+ Stlth++}
 68512 | Elf:3    | Bought a manual of Throwing for 1200 gold pieces
 68512 | Elf:3    | Bought 3 atropa-tipped darts for 40 gold pieces
 68519 | Elf:3    | Learned a level 6 spell: Iron Shot
 68527 | Elf:3    | Learned a level 7 spell: Orb of Destruction
 68535 | Elf:3    | Learned a level 7 spell: Spellforged Servitor
 68617 | Elf:1    | Bought a pair of jewelled gloves for 294 gold pieces
 68617 | Elf:1    | Identified the -1 pair of gloves of Intuition {*Slow +Inv
                  | rPois Regen+} (You bought it in a shop on level 1 of the
                  | Elven Halls)
 68619 | Elf:1    | Bought a pair of runed gloves for 232 gold pieces
 68712 | Orc:2    | Bought a scorched plate armour for 1008 gold pieces
 68712 | Orc:2    | Identified the +0 plate armour of Theory {+Blink Slay+3}
                  | (You bought it in a shop on level 2 of the Orcish Mines)
 68714 | Orc:2    | Bought a glimmering leather armour for 252 gold pieces
 68714 | Orc:2    | Identified the +3 leather armour of the Known World {rC+
                  | Stlth+} (You bought it in a shop on level 2 of the Orcish
                  | Mines)
 68810 | Elf:1    | Bought a scroll of blinking for 127 gold pieces
 68816 | Elf:1    | Bought a scroll of blinking for 135 gold pieces
 69125 | Zot:1    | Entered Level 1 of the Realm of Zot
 69262 | Zot:5    | Entered Level 5 of the Realm of Zot
 69264 | Zot:5    | Got the Orb of Zot
 69265 | Zot:5    | Noticed an orb of fire
 69265 | Zot:5    | Found the +2 shield of Resistance {rF++ rC++ Will++}
 69281 | Zot:5    | Noticed Oclov the pandemonium lord
 69376 | Zot:2    | Noticed Jiukh the pandemonium lord
 69561 | D:14     | Noticed Huevedee the pandemonium lord
 69823 | D:2      | Noticed Liuxkufo the pandemonium lord
 69823 | D:2      | Noticed an ancient lich
 69893 | D:$      | Escaped with the Orb!

Illustrated notes

Levels and vault maps discovered:
D:1:      dpeg_arrival_chambers_temple_mockup, layout_basic
D:2:      layout_loops_ring, hellmonk_ecumenical_altar_arch_garden,
          minivault_26, minmay_box_of_dots
D:3:      layout_loops_ring, uniq_sigmund
D:4:      layout_layer_cave, nicolae_uskayaw_murder_on_the_dancefloor,
          mainiacjoe_overflow_surrounded_room, mainiacjoe_overflow_catwalk,
          minmay_temple_entry_from_below_a
D:5:      layout_basic
D:6:      layout_gridville, nicolae_overflow_squiral, uniq_prince_ribbit1
D:7:      layout_layer_cave, lemuel_tele_altar, nicolae_ru_sacrificial_ziggurat,
          nicolae_qazlal_style_of_elements, serial_shops,
          nicolae_take_the_stairs, minmay_misc_feat_hallway
D:8:      layout_cave_pods, dk_yredelemnul_ordeal, uniq_psyche, uniq_pikel
D:9:      hellmonk_destroyed_diamonds, layout_layer_cave,
          lemuel_coloured_pillars_altar, enter_bailey_4,
          hangedman_minor_gate_pass
D:10:     kennysheep_seaside_town, layout_irregular_city,
          okawaru_altar_gauntlet_db, serial_shops,
          nicolae_shop_advertising_works [nicolae_subvault_shop_adworks],
          serial_park_tiny_2, amethyst_killhole
D:11:     layout_loops_ring, dpeg_lair_monsters,
          kennysheep_orc_monster_closet_entryway, vehumet_statue,
          uniq_josephine, uniq_nergalle, uniq_grum
D:12:     layout_big_octagon, serial_column_ruins, column_ruins_pillar_3,
          column_ruins_pillar_3, column_ruins_pillar_3, column_ruins_pillar_2,
          column_ruins_pillar_8, column_ruins_pillar_9, column_ruins_pillar_5,
          column_ruins_pillar_9, column_ruins_pillar_2, column_ruins_pillar_2,
          column_ruins_pillar_2
D:13:     cheibrodos_elevator_heist, layout_loops_corners, david_vaults_5,
          serial_co_window_serial, co_window_of_opportunity_a,
          co_window_of_opportunity_a, co_window_corner_a, co_window_paths_b,
          co_window_corner_a, co_window_of_opportunity_a, co_window_paths_b,
          co_window_paths_c, co_window_paths_c, co_window_broadway_a,
          co_window_corner_ca, co_window_corner_b, glass_columns_a,
          glass_columns_c, glass_columns_a, glass_columns_b, glass_columns_a,
          pdpol_wu_jian_five_deadly_venoms, uniq_maurice
D:14:     layout_cave_pods, hangedman_decor_lopped, uniq_lodul
D:15:     grunt_enter_depths_hoard, layout_basic, nrook_mini_vaults, uniq_kirke
Lair:1:   layout_misc_corridors, special_room [special_room_bee],
          disabler_island, serial_bayou_shore_b, infiniplex_staircase_pool
Lair:2:   layout_chaotic_city, palyth_hydra_swamp_entry,
          guppyfry_snake_entry_island
Lair:3:   layout_misc_corridors, serial_bayou_shore_a, serial_bayou_shore_b
Lair:4:   layout_gridlike, portal_ice_cave_entry_imps
Lair:5:   hangedman_lair_caniforms_friends, layout_regular_city,
          hangedman_lair_tendril_chambers, slime_entry_1, uniq_rupert
Swamp:1:  layout_basic_swamp, evilmike_swamp_ruin_rubble_2
Swamp:2:  layout_basic_swamp, gammafunk_ghost_mausoleum,
          evilmike_swamp_ruin_house_2, swamp_pool3, uniq_mlioglotl
Swamp:3:  layout_basic_swamp, hangedman_swamp_pad
Swamp:4:  swamp_basic_johnstein, layout_basic_swamp, uniq_bai_suzhen
Snake:1:  layout_basic, statue_in_the_mist_lemuel, serial_bayou_shore_b,
          nicolae_triple_integral, uniq_agnes
Snake:2:  layout_rooms, nicolae_integral_box, uniq_donald
Snake:3:  layout_rooms, nicolae_snake_double_loop, minmay_shop_star,
          lemuel_fruit_tree, uniq_vashnia, uniq_aizul
Snake:4:  snake_hunt, layout_cave_town, serial_shops, shop, basic_altar,
          grunt_ministairs_12, grunt_megastairs_5, serial_bayou_shore_b
Orc:1:    layout_caves
Orc:2:    st_orc_congregation, layout_caves, uniq_urug
Elf:1:    nicolae_elf_arrival_fired_up, layout_loops_corners,
          hangedman_elf_represent, drop_trap, minmay_shoptagon, uniq_frances
Elf:2:    elven_hall_of_blades_hangedman_alternative
          [nicolae_blade_entry_pointy_end], layout_onion_city,
          infiniplex_enter_wizlab_glasses, uniq_jorgrun
Elf:3:    minmay_elf_hall_x, layout_geoelf_diagonals, serial_shops,
          bzr_firewalk, nicolae_shop_firing_range, uniq_louise
Vaults:1: nicolae_vaults_little_squares_5, nicolae_vaults_arrows,
          nicolae_vaults_double_plus_1, grunt_vaults_swirl, st_spiral_rooms,
          nicolae_vaults_trapezoid_lopsided_4, nicolae_vaults_three_branches,
          hangedman_vaults_trim, hangedman_vaults_stagger,
          nicolae_vaults_storage_closets_3, vaults_dpeg_ring,
          layout_vaults_maze_bifur, uniq_asterion
Vaults:2: minmay_crypt_entry_nasty_monster, ontoclasm_vaults_eye,
          ontoclasm_vaults_tryst, vaults_room_fancy_cross,
          nicolae_vaults_doubleplus_tesselated, ontoclasm_vaults_twist,
          nicolae_vaults_shipping_containers_1,
          nicolae_vaults_mini_display_case, layout_vaults_big_room
Vaults:3: advil_vaults_ghost_guards, ontoclasm_vaults_spin,
          nicolae_vaults_house_1, nicolae_vaults_steering_wheel,
          vaults_room_pool, nicolae_vaults_closet_pinwheel_6,
          nicolae_vaults_border_crossing, layout_vaults_quadrants
Vaults:4: dpeg_vaults_hating_casters, nicolae_vaults_diamond_1,
          nicolae_vaults_taking_the_gang_shopping,
          nicolae_vaults_network_periphery, v_rooms_5,
          nicolae_vaults_variable_pillar_hall, nicolae_vaults_prndl,
          nicolae_vaults_alarming, nicolae_vaults_little_squares_1, v_pattern_2,
          layout_vaults_ring, serial_shops, shop, shop, nicolae_diamond_shop,
          shop, shop
Vaults:5
Crypt:1:  layout_misc_corridors
Crypt:2:  cheibrodos_crypt_cold_storage, layout_gridlike,
          gammafunk_ghost_necromancy, minicrypt_bobbens
Crypt:3:  due_elkab, layout_chaotic_city, tomb_entry_shell_bobbens
Depths:1: layout_long_grid, enter_ziggurat_c,
          nicolae_gozag_conspicuous_consumption, hellmouth_2, serial_shops,
          nicolae_shop_window_shopping, grunt_ministairs_10,
          minmay_fountain_box, roderic_lattice_a, hangedman_decor_riveting,
          fountainhead, minmay_misc_feat_pillars, st_stairs_14
Depths:2: minmay_the_grid_octo_tiled_octocenter_mashed
          [minmay_the_grid_octo_fan_narrow, minmay_the_grid_octo_odd_swirl,
          minmay_the_grid_octo_clover, minmay_the_grid_octo_77,
          minmay_the_grid_octo_prize_single_spiral,
          minmay_the_grid_square_5x5_two_walls_a, minmay_the_grid_square_5x5_v,
          minmay_the_grid_square_5x5_comb, minmay_the_grid_square_5x5_fat_x],
          layout_cave_pools, serial_sigils, serial_sigils_hangedman_snap,
          serial_sigils_hangedman_quiver, serial_sigils_hangedman_writhe,
          serial_sigils_hangedman_scratch, pan_entry, hell_entry,
          serial_bayou_shore_b, infiniplex_staircase_zigzag_4, uniq_saint_roka
Depths:3: minmay_spiral_squares, layout_gridlike, lemuel_crystal_altar,
          abyss_entry_flame_altar, serial_shops,
          nicolae_shop_just_a_little_nook, ebering_ghost_xom,
          grunt_hell_entry_dis_old, minmay_variable_closet
Depths:4: evilmike_zot_entry_basic, layout_gridville, hell_entry,
          abyss_entry_small_statue_room
Zot:1:    layout_basic
Zot:2:    layout_misc_corridors, grunt_ministairs_8, lemuel_lich_library
Zot:3:    layout_gridlike
Zot:4:    layout_cathedral_of_symmetry, bh_zot_lava_cross,
          st_single_dragon_hoard_4
Zot:5:    layout_twisted_circle

Skill      XL: |  1  2  3  4  5  6  7  8  9 10 11 12 13 14 15 16 17 18 19 20 21 22 23 24 25 26 27 |
---------------+----------------------------------------------------------------------------------+-----
Invocations    | 1 2 3 4 5 6 7 8 10 11 12 13 14 15 16 17 18 19 20 | 20.1
Long Blades    | 1 2 3 5 6 7 8 9 10 11 12 13 14 15 16 17 18 | 18.6
Axes           | 1 2 3 5 6 7 8 9 10 11 12 13 14 15 16 17 18 | 18.6
Maces & Flails | 1 2 3 5 6 7 8 9 10 11 12 13 14 15 16 17 18 | 18.6
Polearms       | 1 2 3 5 6 7 8 9 10 11 12 13 14 15 16 17 18 | 18.6
Staves         | 1 2 3 5 6 7 8 9 10 11 12 13 14 15 16 17 18 | 18.6
Ranged Weapons | 1 2 3 5 6 7 8 9 10 11 12 13 14 15 16 17 18 | 18.6
Armour         | 1 2 3 5 6 7 8 9 10 11 12 13 14 15 16 17 18 | 18.6
Shields        | 1 2 3 5 6 7 8 9 10 11 12 13 14 16 17 18 19 21 | 21.6
Unarmed Combat | 1 2 3 5 6 7 8 9 10 11 12 13 14 15 16 17 18 | 18.6
Spellcasting   | 1 2 3 5 6 7 8 9 10 11 12 13 14 15 16 17 18 | 18.6
Evocations     | 1 2 3 5 6 7 8 9 10 11 12 13 14 15 16 17 18 | 18.6
Conjurations   | 1 2 3 4 5 6 7 8 9 10 11 12 13 14 15 | 15.8
Hexes          | 1 2 3 4 5 6 7 8 9 10 11 12 13 14 15 | 15.8
Summonings     | 1 2 3 4 5 6 7 8 9 10 11 12 13 14 15 | 15.8
Necromancy     | 1 2 3 4 5 6 7 8 9 10 11 12 13 14 15 | 15.8
Translocations | 1 2 3 4 5 6 7 8 9 10 11 12 13 14 15 | 15.8
Transmutations | 1 2 3 4 5 6 7 8 9 10 11 12 13 14 15 | 15.8
Fire Magic     | 1 2 3 4 5 6 7 8 9 10 11 12 13 14 15 | 15.8
Ice Magic      | 1 2 3 4 5 6 7 8 9 10 11 12 13 14 15 16 17 18 | 18.3
Air Magic      | 1 2 3 4 5 6 7 8 9 10 11 12 13 14 15 | 15.8
Earth Magic    | 1 2 3 4 5 6 7 8 9 10 11 12 13 14 15 | 15.8
Poison Magic   | 1 2 3 4 5 6 7 8 9 10 11 12 13 14 15 | 15.8
Fighting       | 5 6 7 8 9 10 11 12 13 14 15 16 17 18 19 | 19.1
Short Blades   | 5 6 7 8 9 10 11 12 13 14 16 17 18 19 20 21 22 23 | 23.9
Throwing       | 5 6 7 8 9 10 11 12 13 14 15 16 17 18 19 | 19.2
Dodging        | 3 4 5 6 7 8 9 10 11 12 13 14 15 16 17 18 | 18.8
Stealth        | 8 9 10 11 12 13 14 15 16 17 18 19 20 | 20.0

Action                     |  1- 3 |  4- 6 |  7- 9 | 10-12 | 13-15 | 16-18 | 19-21 | 22-24 | 25-27 || total
---------------------------+-------+-------+-------+-------+-------+-------+-------+-------+-------++-------
  Melee: Dagger            |   127 |   149 |       |       |       |       |       |       |       ||   276
         Punch             |     2 |     3 |    15 |     6 |       |       |       |       |       ||    26
         Bite              |     8 |    15 |    46 |   104 |   305 |   177 |   125 |   340 |   324 ||  1444
         Spear             |       |       |   323 |    90 |       |       |       |       |       ||   413
         Rapier            |       |       |       |   665 |  1426 |   426 |       |       |       ||  2517
         Whip              |       |       |       |    38 |       |       |       |       |       ||    38
         Broad axe         |       |       |       |       |    53 |       |       |       |       ||    53
         Morningstar       |       |       |       |       |     3 |     8 |       |       |       ||    11
         Unarmed           |       |       |       |       |       |     8 |       |       |       ||     8
         Demon trident     |       |       |       |       |       |   536 |   668 |  1602 |  1325 ||  4131
  Throw: Dart              |    12 |    25 |    65 |   135 |   578 |    30 |       |     1 |       ||   846
         Stone             |       |     7 |    27 |   114 |    23 |       |       |       |       ||   171
         Boomerang         |       |       |       |    72 |       |   537 |   292 |    74 |       ||   975
         Throwing net      |       |       |       |     1 |       |       |       |       |     1 ||     2
         Javelin           |       |       |       |       |     1 |     8 |     5 |    53 |    24 ||    91
   Cast: Frozen Ramparts   |       |       |       |       |    47 |    68 |    34 |    57 |    59 ||   265
         Wereblood         |       |       |       |       |    21 |    20 |    12 |     9 |    16 ||    78
         Blink             |       |       |       |       |     1 |     1 |     3 |     3 |       ||     8
         Summon Lightning  |       |       |       |       |       |    39 |    45 |    92 |    57 ||   233
         Tukima's Dance    |       |       |       |       |       |    12 |       |    15 |    79 ||   106
         Freezing Cloud    |       |       |       |       |       |       |    29 |    57 |    60 ||   146
         Apportation       |       |       |       |       |       |       |       |     1 |    10 ||    11
         Silence           |       |       |       |       |       |       |       |     5 |     6 ||    11
         Irradiate         |       |       |       |       |       |       |       |     2 |       ||     2
         Yara's Violent Un |       |       |       |       |       |       |       |       |     8 ||     8
         Spellforged Servi |       |       |       |       |       |       |       |       |     9 ||     9
 Invoke: Serpent's Lash    |       |       |       |     2 |     3 |     1 |     2 |       |       ||     8
Ability: Lunge             |     3 |    10 |     1 |    24 |    37 |     9 |     3 |    12 |     6 ||   105
         Whirlwind         |       |     5 |     4 |    10 |    25 |    16 |     7 |    27 |    30 ||   124
         Wall Jump         |       |       |       |     3 |     1 |       |       |       |       ||     4
  Evoke: Wand              |       |     1 |       |    12 |    10 |    26 |    14 |    17 |     5 ||    85
         Box of beasts     |       |       |       |     4 |     2 |     2 |     2 |     3 |       ||    13
         Condenser vane    |       |       |       |       |     1 |     4 |     2 |     4 |     1 ||    12
         Phial of floods   |       |       |       |       |     1 |     1 |     1 |     1 |       ||     4
         Phantom mirror    |       |       |       |       |       |     3 |     2 |     2 |       ||     7
         Piece from Xom's  |       |       |       |       |       |     3 |       |       |       ||     3
         Lightning rod     |       |       |       |       |       |    11 |     6 |    10 |     6 ||    33
    Use: Scroll            |       |     9 |     9 |     5 |     9 |     6 |     2 |     6 |    18 ||    64
         Potion            |       |       |       |     2 |     3 |     1 |     3 |     1 |     2 ||    12
   Stab: Sleeping          |     1 |       |       |     5 |    14 |     6 |     7 |    37 |    14 ||    84
         Distracted        |       |       |     1 |     3 |       |     5 |    10 |    34 |    18 ||    71
         Paralysed         |       |       |       |    12 |     1 |       |       |       |       ||    13
         Invisible         |       |       |       |       |       |       |       |       |     1 ||     1
 Armour: Plate armour      |    49 |    81 |   124 |       |       |       |       |       |       ||   254
         Robe              |    12 |       |       |       |       |       |       |       |       ||    12
         Chain mail        |       |       |    78 |   437 |   486 |   229 |   112 |   242 |   185 ||  1769
  Dodge: Dodged            |    39 |    18 |    74 |   246 |   772 |   518 |   271 |   648 |   470 ||  3056
  Block: Kite shield       |       |       |       |   248 |   781 |   476 |   291 |   570 |       ||  2366
         Reflection        |       |       |       |       |       |    18 |    30 |    54 |       ||   102
         Tower shield      |       |       |       |       |       |       |       |   129 |   879 ||  1008
Riposte: Rapier            |       |       |       |       |   300 |    92 |       |       |       ||   392
         Broad axe         |       |       |       |       |    21 |       |       |       |       ||    21
         Morningstar       |       |       |       |       |     2 |     5 |       |       |       ||     7
         Demon trident     |       |       |       |       |       |   123 |   141 |   320 |   315 ||   899

Table legend: (Time is in decaauts)
 A = Elapsed time spent in this place.
 B = Non-inter-level travel time spent in this place.
 C = Inter-level travel time spent in this place.
 D = Time resting spent in this place.
 E = Time spent auto-exploring this place.
 F = Levels seen in this place.
 G = Mean time per level.
                   A        B        C        D        E       F      G
               +--------+--------+--------+--------+--------+-----+--------+
         Total |  68068 |  58351 |   9717 |   8493 |  33915 |  54 | 1260.5 |
       Dungeon |  19852 |  16946 |   2906 |   2272 |  10951 |  15 | 1323.5 |
          Lair |   6635 |   5286 |   1349 |     60 |   3846 |   5 | 1327.0 |
         Swamp |   3478 |   3250 |    228 |    713 |   1675 |   4 |  869.5 |
     Snake Pit |   5450 |   4526 |    924 |    390 |   2846 |   4 | 1362.5 |
  Orcish Mines |   2704 |   2152 |    552 |    371 |   1044 |   2 | 1352.0 |
   Elven Halls |   5060 |   4076 |    984 |    722 |   2075 |   3 | 1686.7 |
        Vaults |  10140 |   8980 |   1160 |   1695 |   4880 |   5 | 2028.0 |
         Crypt |   5405 |   4710 |    695 |   1180 |   2019 |   3 | 1801.7 |
        Depths |   7279 |   6406 |    873 |    634 |   4113 |   4 | 1819.8 |
           Zot |    264 |    223 |     41 |      2 |      0 |   5 |   52.8 |
        Bazaar |    126 |    126 |      0 |      0 |     99 |   1 |  126.0 |
        Bailey |    511 |    511 |      0 |    131 |     74 |   1 |  511.0 |
      Ice Cave |    443 |    443 |      0 |    126 |     50 |   1 |  443.0 |
        Wizlab |    715 |    715 |      0 |    193 |    241 |   1 |  715.0 |
               +--------+--------+--------+--------+--------+-----+--------+

Top non-repeatable levels by time:
Vaults:5: 2561 daAuts
Depths:3: 2495 daAuts
 Crypt:3: 2457 daAuts
  Lair:5: 2379 daAuts
    D:13: 2191 daAuts
    D:11: 2126 daAuts
Vaults:1: 2099 daAuts
     D:9: 2018 daAuts
Vaults:3: 1948 daAuts
Depths:1: 1845 daAuts
 Snake:1: 1835 daAuts
   Elf:1: 1821 daAuts
 Crypt:2: 1816 daAuts
   Elf:3: 1816 daAuts
Vaults:4: 1804 daAuts

Table legend:
 A = Kills in this place as a percentage of kills in the entire game.
 B = Kills by you in this place as a percentage of kills by you in the entire game.
 C = Kills by friends in this place as a percentage of kills by friends in the entire game.
 D = Other kills in this place as a percentage of other kills in the entire game.
 E = Experience gained in this place as a percentage of experience gained in the entire game.
 F = Experience gained in this place divided by the number of levels of this place that you have seen.
                   A       B       C       D       E      F
               +-------+-------+-------+-------+-------+----------------------
         Total | 100.0 | 100.0 | 100.0 | 100.0 | 100.0 | 23061.2
       Dungeon |  19.0 |  19.9 |   7.7 |   8.3 |   6.6 | 5485.3
          Lair |  10.5 |  11.2 |   0.7 |   0.0 |   4.6 | 11462.8
         Swamp |   5.5 |   5.0 |   9.2 |  41.7 |   5.9 | 18273.8
     Snake Pit |   9.7 |   9.7 |  10.6 |   0.0 |  10.4 | 32299.0
  Orcish Mines |   5.2 |   5.2 |   5.6 |   0.0 |   1.3 | 7879.0
   Elven Halls |   6.6 |   6.4 |   8.5 |  16.7 |   8.6 | 35651.7
        Vaults |  17.7 |  18.0 |  14.1 |   0.0 |  28.2 | 70126.6
         Crypt |   8.8 |   8.3 |  16.2 |   8.3 |   9.5 | 39391.7
        Depths |  13.1 |  12.5 |  22.5 |  16.7 |  21.0 | 65333.5
           Zot |   0.9 |   0.8 |   2.1 |   8.3 |   1.8 | 4443.0
        Bailey |   1.0 |   1.1 |   0.0 |   0.0 |   0.1 | 1341.0
      Ice Cave |   0.6 |   0.6 |   0.0 |   0.0 |   0.3 | 3378.0
        Wizlab |   1.3 |   1.3 |   2.8 |   0.0 |   1.9 | 23632.0
               +-------+-------+-------+-------+-------+----------------------

Levels and vault maps discovered:
D:1:      dpeg_arrival_chambers_temple_mockup, layout_basic
D:2:      layout_loops_ring, hellmonk_ecumenical_altar_arch_garden,
          minivault_26, minmay_box_of_dots
D:3:      layout_loops_ring, uniq_sigmund
D:4:      layout_layer_cave, nicolae_uskayaw_murder_on_the_dancefloor,
          mainiacjoe_overflow_surrounded_room, mainiacjoe_overflow_catwalk,
          minmay_temple_entry_from_below_a
D:5:      layout_basic
D:6:      layout_gridville, nicolae_overflow_squiral, uniq_prince_ribbit1
D:7:      layout_layer_cave, lemuel_tele_altar, nicolae_ru_sacrificial_ziggurat,
          nicolae_qazlal_style_of_elements, serial_shops,
          nicolae_take_the_stairs, minmay_misc_feat_hallway
D:8:      layout_cave_pods, dk_yredelemnul_ordeal, uniq_psyche, uniq_pikel
D:9:      hellmonk_destroyed_diamonds, layout_layer_cave,
          lemuel_coloured_pillars_altar, enter_bailey_4,
          hangedman_minor_gate_pass
D:10:     kennysheep_seaside_town, layout_irregular_city,
          okawaru_altar_gauntlet_db, serial_shops,
          nicolae_shop_advertising_works [nicolae_subvault_shop_adworks],
          serial_park_tiny_2, amethyst_killhole
D:11:     layout_loops_ring, dpeg_lair_monsters,
          kennysheep_orc_monster_closet_entryway, vehumet_statue,
          uniq_josephine, uniq_nergalle, uniq_grum
D:12:     layout_big_octagon, serial_column_ruins, column_ruins_pillar_3,
          column_ruins_pillar_3, column_ruins_pillar_3, column_ruins_pillar_2,
          column_ruins_pillar_8, column_ruins_pillar_9, column_ruins_pillar_5,
          column_ruins_pillar_9, column_ruins_pillar_2, column_ruins_pillar_2,
          column_ruins_pillar_2
D:13:     cheibrodos_elevator_heist, layout_loops_corners, david_vaults_5,
          serial_co_window_serial, co_window_of_opportunity_a,
          co_window_of_opportunity_a, co_window_corner_a, co_window_paths_b,
          co_window_corner_a, co_window_of_opportunity_a, co_window_paths_b,
          co_window_paths_c, co_window_paths_c, co_window_broadway_a,
          co_window_corner_ca, co_window_corner_b, glass_columns_a,
          glass_columns_c, glass_columns_a, glass_columns_b, glass_columns_a,
          pdpol_wu_jian_five_deadly_venoms, uniq_maurice
D:14:     layout_cave_pods, hangedman_decor_lopped, uniq_lodul
D:15:     grunt_enter_depths_hoard, layout_basic, nrook_mini_vaults, uniq_kirke
Lair:1:   layout_misc_corridors, special_room [special_room_bee],
          disabler_island, serial_bayou_shore_b, infiniplex_staircase_pool
Lair:2:   layout_chaotic_city, palyth_hydra_swamp_entry,
          guppyfry_snake_entry_island
Lair:3:   layout_misc_corridors, serial_bayou_shore_a, serial_bayou_shore_b
Lair:4:   layout_gridlike, portal_ice_cave_entry_imps
Lair:5:   hangedman_lair_caniforms_friends, layout_regular_city,
          hangedman_lair_tendril_chambers, slime_entry_1, uniq_rupert
Swamp:1:  layout_basic_swamp, evilmike_swamp_ruin_rubble_2
Swamp:2:  layout_basic_swamp, gammafunk_ghost_mausoleum,
          evilmike_swamp_ruin_house_2, swamp_pool3, uniq_mlioglotl
Swamp:3:  layout_basic_swamp, hangedman_swamp_pad
Swamp:4:  swamp_basic_johnstein, layout_basic_swamp, uniq_bai_suzhen
Snake:1:  layout_basic, statue_in_the_mist_lemuel, serial_bayou_shore_b,
          nicolae_triple_integral, uniq_agnes
Snake:2:  layout_rooms, nicolae_integral_box, uniq_donald
Snake:3:  layout_rooms, nicolae_snake_double_loop, minmay_shop_star,
          lemuel_fruit_tree, uniq_vashnia, uniq_aizul
Snake:4:  snake_hunt, layout_cave_town, serial_shops, shop, basic_altar,
          grunt_ministairs_12, grunt_megastairs_5, serial_bayou_shore_b
Orc:1:    layout_caves
Orc:2:    st_orc_congregation, layout_caves, uniq_urug
Elf:1:    nicolae_elf_arrival_fired_up, layout_loops_corners,
          hangedman_elf_represent, drop_trap, minmay_shoptagon, uniq_frances
Elf:2:    elven_hall_of_blades_hangedman_alternative
          [nicolae_blade_entry_pointy_end], layout_onion_city,
          infiniplex_enter_wizlab_glasses, uniq_jorgrun
Elf:3:    minmay_elf_hall_x, layout_geoelf_diagonals, serial_shops,
          bzr_firewalk, nicolae_shop_firing_range, uniq_louise
Vaults:1: nicolae_vaults_little_squares_5, nicolae_vaults_arrows,
          nicolae_vaults_double_plus_1, grunt_vaults_swirl, st_spiral_rooms,
          nicolae_vaults_trapezoid_lopsided_4, nicolae_vaults_three_branches,
          hangedman_vaults_trim, hangedman_vaults_stagger,
          nicolae_vaults_storage_closets_3, vaults_dpeg_ring,
          layout_vaults_maze_bifur, uniq_asterion
Vaults:2: minmay_crypt_entry_nasty_monster, ontoclasm_vaults_eye,
          ontoclasm_vaults_tryst, vaults_room_fancy_cross,
          nicolae_vaults_doubleplus_tesselated, ontoclasm_vaults_twist,
          nicolae_vaults_shipping_containers_1,
          nicolae_vaults_mini_display_case, layout_vaults_big_room
Vaults:3: advil_vaults_ghost_guards, ontoclasm_vaults_spin,
          nicolae_vaults_house_1, nicolae_vaults_steering_wheel,
          vaults_room_pool, nicolae_vaults_closet_pinwheel_6,
          nicolae_vaults_border_crossing, layout_vaults_quadrants
Vaults:4: dpeg_vaults_hating_casters, nicolae_vaults_diamond_1,
          nicolae_vaults_taking_the_gang_shopping,
          nicolae_vaults_network_periphery, v_rooms_5,
          nicolae_vaults_variable_pillar_hall, nicolae_vaults_prndl,
          nicolae_vaults_alarming, nicolae_vaults_little_squares_1, v_pattern_2,
          layout_vaults_ring, serial_shops, shop, shop, nicolae_diamond_shop,
          shop, shop
Vaults:5
Crypt:1:  layout_misc_corridors
Crypt:2:  cheibrodos_crypt_cold_storage, layout_gridlike,
          gammafunk_ghost_necromancy, minicrypt_bobbens
Crypt:3:  due_elkab, layout_chaotic_city, tomb_entry_shell_bobbens
Depths:1: layout_long_grid, enter_ziggurat_c,
          nicolae_gozag_conspicuous_consumption, hellmouth_2, serial_shops,
          nicolae_shop_window_shopping, grunt_ministairs_10,
          minmay_fountain_box, roderic_lattice_a, hangedman_decor_riveting,
          fountainhead, minmay_misc_feat_pillars, st_stairs_14
Depths:2: minmay_the_grid_octo_tiled_octocenter_mashed
          [minmay_the_grid_octo_fan_narrow, minmay_the_grid_octo_odd_swirl,
          minmay_the_grid_octo_clover, minmay_the_grid_octo_77,
          minmay_the_grid_octo_prize_single_spiral,
          minmay_the_grid_square_5x5_two_walls_a, minmay_the_grid_square_5x5_v,
          minmay_the_grid_square_5x5_comb, minmay_the_grid_square_5x5_fat_x],
          layout_cave_pools, serial_sigils, serial_sigils_hangedman_snap,
          serial_sigils_hangedman_quiver, serial_sigils_hangedman_writhe,
          serial_sigils_hangedman_scratch, pan_entry, hell_entry,
          serial_bayou_shore_b, infiniplex_staircase_zigzag_4, uniq_saint_roka
Depths:3: minmay_spiral_squares, layout_gridlike, lemuel_crystal_altar,
          abyss_entry_flame_altar, serial_shops,
          nicolae_shop_just_a_little_nook, ebering_ghost_xom,
          grunt_hell_entry_dis_old, minmay_variable_closet
Depths:4: evilmike_zot_entry_basic, layout_gridville, hell_entry,
          abyss_entry_small_statue_room
Zot:1:    layout_basic
Zot:2:    layout_misc_corridors, grunt_ministairs_8, lemuel_lich_library
Zot:3:    layout_gridlike
Zot:4:    layout_cathedral_of_symmetry, bh_zot_lava_cross,
          st_single_dragon_hoard_4
Zot:5:    layout_twisted_circle
